 Dungeon Crawl Stone Soup version 0.25.1-2-g60ff931df9 (webtiles) character file.

Game seed: 17700539707936929809

39 H0rd4k the Insei (level 3, 0/23 HPs)
             Began as an Octopode Transmuter on Aug 27, 2020.
             Succumbed to an adder's poison
             ... on level 2 of the Dungeon.
             The game lasted 00:00:35 (970 turns).

H0rd4k the Insei (Octopode Transmuter)               Turns: 970, Time: 00:00:36

Health: 0/23       AC:  1    Str:  9    XL:     3   Next: 45%
Magic:  6/6        EV: 13    Int: 22    God:
Gold:   57         SH:  0    Dex: 12    Spells: 5/6 levels left

rFire    . . .     SeeInvis .     - Unarmed
rCold    . . .     Gourm    .   (no shield)
rNeg     . . .     Faith    .   (helmet restricted)
rPois    .         Spirit   .   (no amulet)
rElec    .         Reflect  .   b - ring of resist corrosion
rCorr    +         Harm     .   d - ring of protection from magic
MR       +....                  e - +6 ring of intelligence (curse)
Stlth    +++.......             g - ring of stealth
HPRegen  0.07/turn              (no ring)
MPRegen  0.10/turn              (no ring)
                                (no ring)
                                (no ring)

@: lethally poisoned (0 -> -2)
A: almost no armour, stealthy swim, amphibious, 8 rings, constrict 8, camouflage
1, gelatinous body 1
a: no special abilities


You were on level 2 of the Dungeon.
You were not hungry.

You visited 1 branch of the dungeon, and saw 2 of its levels.

You collected 57 gold pieces.

Inventory:

Missiles
 a - 37 arrows
Jewellery
 b - a ring of resist corrosion (left tentacle)
 d - a ring of protection from magic (right tentacle)
 e - a cursed +6 ring of intelligence (on tentacle)
 g - a ring of stealth (on tentacle)
Comestibles
 c - a ration
 f - a chunk of flesh


   Skills:
 + Level 1.0 Fighting
 + Level 2.1 Dodging
 + Level 0.5 Stealth
 + Level 3.6 Unarmed Combat
 * Level 2.4 Spellcasting
 * Level 2.5 Transmutations


You had 5 spell levels left.
You knew the following spells:

 Your Spells              Type           Power        Failure   Level  Hunger
a - Beastly Appendage     Tmut           ##....       4%          1    None

Your spell library contained the following spells:

 Spells                   Type           Power        Failure   Level  Hunger
 Sticks to Snakes         Tmut           ##......     7%          2    ##.....
 Spider Form              Tmut/Pois      #.........   24%         3    ###....
 Ice Form                 Ice/Tmut       #.......     61%         4    ####...
 Blade Hands              Tmut           ##........   78%         5    ######.


Dungeon Overview and Level Annotations

Branches:
Dungeon (2/15)

Altars:


Innate Abilities, Weirdness & Mutations

You cannot wear most types of armour.
You are very stealthy in the water. (Stealth+)
You are amphibious.
You can wear up to eight rings at the same time.
You can use your tentacles to constrict eight enemies at once.
Your skin changes colour to match your surroundings (Stealth+).
Your rubbery body absorbs attacks. (AC +1, EV +1)


Message History

You are too injured to fight recklessly!
An ooze is nearby!
You are too injured to fight recklessly!
You are too injured to fight recklessly!
An ooze is nearby!
You are too injured to fight recklessly!
You feel sick. The ooze hits you.
* * * LOW HITPOINT WARNING * * *
The ooze hits you but does no damage.
You tentacle-slap the ooze.
The ooze is heavily wounded.
The ooze hits you.
* * * LOW HITPOINT WARNING * * *
You tentacle-slap the ooze but do no damage.
The ooze is heavily wounded.
The ooze hits you.
* * * LOW HITPOINT WARNING * * *
You tentacle-slap the ooze. You squeeze the ooze.
You kill the ooze!
You die...

#... #... .... #...
..... #... .....
#...#####....#
#..............
#.........#.....
##...@.....#.....
#..........#.....
#................
#............)..
#.(............#
#..........#####.....
#.........?..........
#$......##...###.....
#............###....%


There were no monsters in sight!

Vanquished Creatures
  An adder (D:2)
  3 oozes
  A dart slug (D:1)
  A leopard gecko (D:1)
  2 bats (D:1)
  A goblin (D:1)
  A hobgoblin (D:1)
  2 frilled lizards (D:1)
  2 kobolds (D:1)
  4 rats
18 creatures vanquished.

Notes
Turn   | Place    | Note
-------+----------+-------------------------------------------
     0 | D:1      | H0rd4k the Octopode Transmuter began the quest for the Orb.
     0 | D:1      | Reached XP level 1. HP: 13/13 MP: 3/3
   338 | D:1      | Reached XP level 2. HP: 15/18 MP: 5/5
   956 | D:2      | Reached XP level 3. HP: 20/23 MP: 6/6
   969 | D:2      | HP: 1/23 [ooze (1)]
   970 | D:2      | Succumbed to an adder's poison

Illustrated notes

Levels and vault maps discovered:
D:1:      erik_arrival_blinker_ship, layout_basic,
          hangedman_abyss_or_decor_stabs
D:2:      layout_basic, minmay_misc_feat_plants

Action                   || total
-------------------------++-------
Melee: Unarmed           ||    42
       Constrict         ||    10
       Tentacles         ||     8
       Punch             ||     1
 Stab: Sleeping          ||     6
Armor: Skin              ||     5
Dodge: Dodged            ||    29
